 Dungeon Crawl Stone Soup version 0.29-a0-821-g6639535 (webtiles) character file.

Game seed: 17309582418050985277

492 Illumine the Chopper (level 6, 0/84 HPs)
             Began as a Minotaur Fighter on July 7, 2022.
             Was a Follower of Makhleb.
             Succumbed to a water moccasin's poison
             ... on level 5 of the Dungeon.
             The game lasted 00:03:05 (4063 turns).

Illumine the Chopper (Minotaur Fighter)             Turns: 4063, Time: 00:03:06

Health: 0/84       AC:  8    Str: 21    XL:     6   Next: 91%
Magic:  6/6        EV:  9    Int:  9    God:    Makhleb [*.....]
Gold:   70         SH:  4    Dex: 11    Spells: 5/5 levels left

rFire   . . .      SeeInvis .   w - +1 broad axe (vorpal)
rCold   . . .      Faith    .   c - +0 buckler
rNeg    . . .      Spirit   .   b - +0 scale mail
rPois   .          Reflect  .   (helmet restricted)
rElec   .          Harm     .   (no cloak)
rCorr   .          Rampage  .   (no gloves)
Will    .....                   e - +0 pair of boots
Stlth   ..........              (no amulet)
HPRegen 0.24/turn               (no ring)
MPRegen 0.10/turn               (no ring)

@: berserking (expiring), lethally poisoned (0 -> -9), very quick
A: horns 2, retaliatory headbutt, thin skeletal structure 1, clever 1
a: Renounce Religion


You were on level 5 of the Dungeon.
You worshipped Makhleb.
Makhleb was aware of your devotion.
You visited 2 branches of the dungeon, and saw 6 of its levels.

You collected 226 gold pieces.
You spent 156 gold pieces at shops.

Inventory:

Hand Weapons
 s - the +4 dagger "Morg" {pain, Will+ Int+5}
   (You found it on level 3 of the Dungeon)

   In the hands of one skilled in necromantic magic, it inflicts extra damage on
   living creatures.
   Int:       It affects your intelligence (+5).
   Will:      It increases your willpower.
 w - a +1 vorpal broad axe (weapon)
Missiles
 f - 15 poisoned darts (quivered)
Armour
 b - a +0 scale mail (worn)
 c - a +0 buckler (worn)
 e - a +0 pair of boots (worn)
Wands
 t - a wand of digging (2)
Scrolls
 a - a scroll of magic mapping {unknown}
 g - a scroll of immolation {unknown}
 i - a scroll of teleportation {unknown}
 j - 2 scrolls of amnesia {unknown}
 n - a scroll of poison {unknown}
 o - a scroll of torment {unknown}
 q - a scroll of enchant armour {unknown}
 u - a scroll of fog {unknown}
 x - a scroll of noise {unknown}
Potions
 d - a potion of might
 h - a potion of ambrosia {unknown}
 k - a potion of mutation
 l - a potion of berserk rage
 m - a potion of curing {unknown}
 p - a potion of resistance {unknown}
 r - a potion of heal wounds {unknown}
 v - a potion of flight {unknown}


   Skills:
 + Level 5.4 Fighting
 * Level 6.0 Axes
 + Level 5.3 Armour
 - Level 4.0 Shields
 + Level 2.2 Invocations


You had 5 spell levels left.
You didn't know any spells.
Your spell library contained the following spells:

 Spells                   Type           Power      Damage    Failure   Level
 Necrotise                Necr           0%         1d4       80%         1
 Vampiric Draining        Necr           0%         2d6       99%         3
 Agony                    Necr           0%         N/A       100%        5


Dungeon Overview and Level Annotations

Branches:
Dungeon (5/15)             Temple (1/1) D:4

Altars:
Hepliaklqana
Makhleb
Nemelex Xobeh
Okawaru
Qazlal
Ru
Sif Muna
Zin
The Shining One

Shops:
D:1 (


Innate Abilities, Weirdness & Mutations

You have a pair of horns on your head.
You reflexively headbutt those who attack you in melee.
You have a somewhat thin skeletal structure. (Dex +2, Stealth+)
Your mind is acute. (Int +4, Str/Dex -1)


Message History

Your Invocations skill increases to level 2!
You closely miss the hound.
You headbutt the hound, but do no damage.
* * * LOW HITPOINT WARNING * * *
You feel extremely sick. You block the hound's attack.
The hound bites you but does no damage.
A worm comes into view.
Unknown command.
It was a potion of mutation.
You feel extremely strange.
You feel clever.
Your bones become slightly less dense.
* * * LOW HITPOINT WARNING * * *
You feel very sick. The hound barely misses you. The hound closely misses you.
Unknown command.
It was a potion of berserk rage.
A red film seems to cover your vision as you go berserk!
You feel yourself moving faster!
You feel mighty!
* * * LOW HITPOINT WARNING * * *
You feel very sick. The hound closely misses you. You furiously retaliate!
You headbutt the hound!!
You kill the hound!
Makhleb accepts your kill.
Your Axes skill increases to level 6!
Unknown command.
You are too berserk!
You are too berserk!
You are too berserk!
You are too berserk!
You are too berserk!
You are too berserk!
You are too berserk!
You are too berserk!
You feel a strong urge to attack something.
* * * LOW HITPOINT WARNING * * *
You feel sick.
* * * LOW HITPOINT WARNING * * *
You feel sick.
You see here a brown potion.
You feel your anger nearly subside.
You die...

###### #######
##.....##.....##
#..............##
................#
................##
.........!@.w.....
................##
........<.........
................##
#..............##
##...?.##........
###### ####.#####
.# #


You could see a worm.

Vanquished Creatures
  A water moccasin (D:5)
  An ogre (D:4)
  2 hounds
  Natasha (thrice) (D:3)
  A hound skeleton (D:3)
  3 gnolls (D:4)
  5 adders
  3 adder skeletons (D:3)
  A worm (D:3)
  A dart slug (D:1)
  An orc (D:3)
  5 ball pythons
  6 endoplasms
  6 giant cockroaches
  9 goblins
  7 hobgoblins
  7 jackals
  4 quokkas
  5 bats
  5 frilled lizards
  A jackal zombie (D:3)
  8 kobolds
  A quokka skeleton (D:3)
  3 rats
89 creatures vanquished.

Vanquished Creatures (others)
  10 withered plants (D:3)
10 creatures vanquished.

Grand Total: 99 creatures vanquished

Notes
Turn   | Place    | Note
-------+----------+-------------------------------------------
     0 | D:1      | Illumine the Minotaur Fighter began the quest for the Orb.
     0 | D:1      | Reached XP level 1. HP: 19/19 MP: 0/0
    65 | D:1      | Reached XP level 2. HP: 24/27 MP: 1/1
   238 | D:1      | Reached skill level 3 in Axes
   393 | D:1      | Found Uporue Xulud's Weapon Emporium.
   678 | D:1      | Found a faded altar of an unknown god.
   694 | D:1      | Reached XP level 3. HP: 33/33 MP: 2/2
  1116 | D:2      | Found a burning altar of Makhleb.
  1131 | D:2      | Became a worshipper of Makhleb the Destroyer
  1538 | D:3      | Reached skill level 4 in Axes
  1538 | D:3      | Reached XP level 4. HP: 34/40 MP: 3/3
  1777 | D:3      | Found a stormy altar of Qazlal.
  1778 | D:3      | Found a hazy altar of Hepliaklqana.
  1859 | D:3      | Reached * piety under Makhleb
  1909 | D:3      | Found a glowing golden altar of the Shining One.
  2268 | D:3      | Noticed Natasha
  2269 | D:3      | Found the +4 dagger "Morg" {pain, Will+ Int+5}
  2278 | D:3      | Killed Natasha
  2279 | D:3      | Reached XP level 5. HP: 47/47 MP: 4/4
  2423 | D:3      | Noticed Natasha
  2432 | D:3      | Killed Natasha
  2433 | D:3      | Reached skill level 1 in Invocations
  2503 | D:3      | Found a glowing golden altar of the Shining One.
  2766 | D:3      | Found a stormy altar of Qazlal.
  2766 | D:3      | Noticed Natasha
  2767 | D:3      | Found a hazy altar of Hepliaklqana.
  2777 | D:3      | Killed Natasha
  2904 | D:4      | Found a staircase to the Ecumenical Temple.
  2908 | D:4      | Reached skill level 5 in Axes
  2921 | D:4      | Reached XP level 6. HP: 7/55 MP: 4/6
  2929 | Temple   | Entered the Ecumenical Temple
  3249 | D:4      | Reached skill level 5 in Fighting
  3440 | D:1      | Bought a +1 vorpal broad axe for 156 gold pieces
  3704 | D:4      | Reached skill level 5 in Armour
  4049 | D:5      | Entered Level 5 of the Dungeon
  4049 | D:5      | Noticed a water moccasin
  4057 | D:5      | Killed a water moccasin
  4059 | D:5      | Gained mutation: Your mind is acute. (Int +4, Str/Dex -1)
                  | [potion of mutation]
  4059 | D:5      | Gained mutation: You have a somewhat thin skeletal
                  | structure. (Dex +2, Stealth+) [potion of mutation]
  4061 | D:5      | Reached skill level 6 in Axes
  4061 | D:5      | HP: 3/84 [poisoned by a water moccasin]
  4063 | D:5      | Succumbed to a water moccasin's poison

Illustrated notes

Levels and vault maps discovered:
D:1:      dpeg_arrival_boxes_within_box, layout_basic, serial_shops, shop,
          ebering_ecumenical_altar_webs
D:2:      layout_rooms, basic_altar, grunt_ministairs_13
D:3:      layout_loops_ring, grunt_temple_overflow_open, lemuel_round_altar,
          dilly_guarded_unrand_morg
D:4:      layout_loops_ring, minmay_temple_entry_arrows
D:5:      layout_rooms, minmay_misc_feat_roman, minmay_divided_ellipse,
          uniq_menkaure
Temple:   minmay_crystal_spiral_temple

Skill      XL: |  1  2  3  4  5  6 |
---------------+-------------------+-----
Axes           | 3 4 5 6 |  6.0
Shields        | 4 |  4.0
Fighting       | 4 5 |  5.4
Armour         | 4 5 |  5.3
Invocations    | 1 2 |  2.2

Action                   |  1- 3 |  4- 6 || total
-------------------------+-------+-------++-------
Melee: War axe           |    96 |    72 ||   168
       Headbutt          |    14 |    18 ||    32
       Broad axe         |       |    19 ||    19
  Use: Potion            |       |     2 ||     2
 Stab: Distracted        |     1 |       ||     1
Armor: Scale mail        |    52 |    47 ||    99
Dodge: Dodged            |    60 |    43 ||   103
Block: Buckler           |    17 |    25 ||    42

Table legend: (Time is in decaauts)
 A = Elapsed time spent in this place.
 B = Non-inter-level travel time spent in this place.
 C = Inter-level travel time spent in this place.
 D = Time resting spent in this place.
 E = Time spent auto-exploring this place.
 F = Levels seen in this place.
 G = Mean time per level.
                   A        B        C        D        E       F      G
               +--------+--------+--------+--------+--------+-----+--------+
         Total |   4140 |   3837 |    303 |      0 |   3271 |   6 |  690.0 |
       Dungeon |   3825 |   3545 |    280 |      0 |   2985 |   5 |  765.0 |
        Temple |    314 |    291 |     23 |      0 |    286 |   1 |  314.0 |
               +--------+--------+--------+--------+--------+-----+--------+

Top non-repeatable levels by time:
     D:3: 1345 daAuts
     D:1: 878 daAuts
     D:4: 830 daAuts
     D:2: 755 daAuts
  Temple: 314 daAuts
     D:5: 15 daAuts
